 Dungeon Crawl Stone Soup version 0.29-a0-362-g5854e031c7 (webtiles) character file.

Game seed: 5643434330524161820

535 croobank the Covert (level 7, -6/60 HPs)
             Began as a Gnoll Delver on Apr 29, 2022.
             Was an Initiate of Gozag.
             Mangled by an ogre
             ... wielding a +0 giant club
              (30 damage)
             ... on level 5 of the Dungeon.
             The game lasted 00:16:12 (5483 turns).

croobank the Covert (Gnoll Delver)                  Turns: 5483, Time: 00:16:12

Health: -6/60      AC:  7    Str: 12    XL:     7   Next: 25%
Magic:  10/10      EV: 13    Int: 11    God:    Gozag
Gold:   160        SH:  0    Dex: 13    Spells: 10/10 levels left

rFire   . . .      SeeInvis .   a - +0 hand axe (venom)
rCold   . . .      Faith    .   (no shield)
rNeg    . . .      Spirit   .   u - +3 leather armour
rPois   .          Reflect  .   (no helmet)
rElec   .          Harm     .   (no cloak)
rCorr   .          Rampage  .   (no gloves)
Will    .....                   B - +0 pair of boots
Stlth   ++++......              (no amulet)
HPRegen 0.20/turn               t - ring of flight
MPRegen 0.12/turn               (no ring)

@: flying
A: fangs 1, strong nose, distributed training
a: Renounce Religion, Potion Petition, Call Merchant, Bribe Branch


You were on level 5 of the Dungeon.
You worshipped Gozag.
Gozag was aware of your devotion.
You visited 2 branches of the dungeon, and saw 6 of its levels.

You collected 321 gold pieces.
You spent 92 gold pieces at shops.
You paid 69 gold pieces to Gozag.

Inventory:

Hand Weapons
 a - a +0 hand axe of venom (weapon)
 o - a +0 dagger
 x - a +0 morningstar
 E - a +0 war axe
Missiles
 h - 102 stones (quivered)
 q - 6 silver boomerangs
 y - a boomerang
 A - 14 poisoned darts
Armour
 b - a +2 leather armour
 p - a +0 ring mail
 u - a +3 leather armour (worn)
 B - a +0 pair of boots (worn)
Jewellery
 t - a ring of flight (left hand)
Wands
 g - a wand of digging (3)
Scrolls
 e - 2 scrolls of teleportation
 i - a scroll of fog
 l - 2 scrolls of fear
 n - a scroll of magic mapping
 s - a scroll of blinking
Potions
 c - a potion of cancellation
 d - a potion of invisibility
 f - 3 potions of haste
 j - a potion of lignification
 k - 2 potions of might
 m - 2 potions of heal wounds
 r - 6 potions of curing
 v - 3 potions of brilliance
 w - a potion of mutation
 z - 2 potions of flight {unknown}
 C - a potion of resistance {unknown}
 D - a potion of magic {unknown}


   Skills:
 + Level 7.0 Fighting
 + Level 2.3 Short Blades
 + Level 2.3 Long Blades
 + Level 5.2 Axes
 + Level 2.3 Maces & Flails
 + Level 2.3 Polearms
 + Level 2.3 Staves
 + Level 2.3 Slings
 + Level 2.3 Bows
 + Level 2.3 Crossbows
 + Level 2.3 Throwing
 + Level 2.3 Armour
 + Level 5.2 Dodging
 + Level 9.9 Stealth
 + Level 2.3 Shields
 + Level 2.3 Unarmed Combat
 + Level 2.3 Spellcasting
 + Level 1.9 Conjurations
 + Level 1.9 Hexes
 + Level 1.9 Summonings
 + Level 1.9 Necromancy
 + Level 1.9 Translocations
 + Level 1.9 Transmutations
 + Level 1.9 Fire Magic
 + Level 1.9 Ice Magic
 + Level 1.9 Air Magic
 + Level 1.9 Earth Magic
 + Level 1.9 Poison Magic
 + Level 2.6 Invocations
 + Level 2.3 Evocations


You had 10 spell levels left.
You didn't know any spells.
Your spell library contained the following spells:

 Spells                   Type           Power      Damage    Failure   Level
 Beastly Appendage        Tmut           10%        N/A       16%         1
 Wereblood                Tmut           5%         N/A       24%         2
 Spider Form              Tmut/Pois      5%         N/A       43%         3
 Animate Armour           Summ/Erth      10%        N/A       85%         4
 Passage of Golubria      Tloc           5%         N/A       85%         4
 Blade Hands              Tmut           2%         N/A       99%         5
 Silence                  Hex/Air        2%         N/A       99%         5
 Iron Shot                Conj/Erth      2%         9d2       100%        6
 Lehudib's Crystal Spear  Conj/Erth      2%         10d2      100%        8


Dungeon Overview and Level Annotations

Branches:
Dungeon (5/15)             Temple (1/1) D:4

Altars:
Ashenzari
Cheibriados
Dithmenos
Elyvilon
Fedhas
Gozag
Hepliaklqana
Kikubaaqudgha
Makhleb
Nemelex Xobeh
Okawaru
Qazlal
Ru
Sif Muna
Trog
Uskayaw
Vehumet
Wu Jian
Xom
Yredelemnul
Zin
The Shining One

Shops:
D:2 !?

Annotations:
D:2 1 runed translucent door, Crazy Yiuf
D:5 Menkaure


Innate Abilities, Weirdness & Mutations

You have very sharp teeth.
Your uncanny sense of smell can sniff out nearby items.
Your experience applies equally to all skills.


Message History

You continue taking off your +2 leather armour. x4
You finish taking off your +2 leather armour.
You start putting on your armour.
You continue putting on your +3 leather armour. x5
You finish putting on your +3 leather armour.
HP restored.
You now have 160 gold pieces (gained 11).
There is a stone staircase leading down here.
You reach down and open the door.
There is an open door here.
f - 3 potions of haste (gained 2)
Found a morningstar.
You see here a +0 morningstar.
x - a +0 morningstar An ogre comes into view.
It is wielding a +0 giant club.
Okay, then.
The ogre hits you with a +0 giant club!
You hit the ogre.
The ogre is poisoned.
The ogre is lightly wounded.
You barely miss the ogre.
The ogre is moderately wounded.
The ogre closely misses you.
You hit the ogre.
The ogre looks as sick as possible!
The ogre is moderately wounded.
The ogre hits you with a +0 giant club!
You barely miss the ogre.
The ogre is heavily wounded.
The ogre hits you with a +0 giant club!
You hit the ogre but do no damage. You punch the ogre.
The ogre is severely wounded.
You hit the ogre but do no damage.
The ogre looks as sick as possible!
You bite the ogre, but do no damage.
The ogre is severely wounded.
The ogre hits you with a +0 giant club!!
* * * LOW HITPOINT WARNING * * *
You feel much better.
The ogre hits you with a +0 giant club!!
Ouch! That really hurt!
You die...
Your body crumbles into a pile of gold.

.........#
#.#
.........#
#.#
.........#
#.#
##########
#.# #.#
#.# #.#
#.# #@#
#O# ****
#.# .,,*
#.# .,,*
#.# ..,*
#.# ..,*
#.# ...*
#.# ...###
*,*


You could see an ogre (extremely poisoned).

Vanquished Creatures
  2 scorpions (D:4)
  A hound (D:5)
  A gnoll shaman (D:5)
  Natasha (thrice) (D:4)
  An orc wizard (D:3)
  An iguana (D:5)
  Robin (D:3)
  4 adders
  5 gnolls (D:5)
  3 worms
  4 dart slugs
  8 orcs
  8 ball pythons
  8 bats
  13 endoplasms
  4 giant cockroaches
  15 goblins
  13 hobgoblins
  9 kobolds
  4 quokkas
  5 frilled lizards
  6 rats
119 creatures vanquished.

Vanquished Creatures (others)
  A fungus (D:2)
1 creature vanquished.

Grand Total: 120 creatures vanquished

Notes
Turn   | Place    | Note
-------+----------+-------------------------------------------
     0 | D:5      | Reached skill level 9 in Stealth
     0 | D:5      | croobank the Gnoll Delver began the quest for the Orb.
     0 | D:5      | Reached XP level 1. HP: 23/23 MP: 1/1
    18 | D:5      | Noticed a scorpion
    52 | D:5      | Noticed Menkaure
    69 | D:4      | Noticed an orc wizard
    69 | D:4      | Found a staircase to the Ecumenical Temple.
    79 | Temple   | Entered the Ecumenical Temple
   378 | D:3      | Reached XP level 2. HP: 20/29 MP: 2/2
   606 | D:2      | Found Budef's Distillery.
   612 | D:2      | Bought a potion of might for 40 gold pieces
   803 | D:1      | Reached XP level 3. HP: 34/35 MP: 3/3
  1123 | D:1      | Reached skill level 1 in Invocations
  1393 | D:1      | Reached skill level 1 in Short Blades
  1393 | D:1      | Reached skill level 1 in Long Blades
  1393 | D:1      | Reached skill level 1 in Maces & Flails
  1393 | D:1      | Reached skill level 1 in Polearms
  1393 | D:1      | Reached skill level 1 in Staves
  1393 | D:1      | Reached skill level 1 in Slings
  1393 | D:1      | Reached skill level 1 in Bows
  1393 | D:1      | Reached skill level 1 in Crossbows
  1393 | D:1      | Reached skill level 1 in Throwing
  1393 | D:1      | Reached skill level 1 in Armour
  1393 | D:1      | Reached skill level 1 in Shields
  1393 | D:1      | Reached skill level 1 in Unarmed Combat
  1393 | D:1      | Reached skill level 1 in Spellcasting
  1393 | D:1      | Reached skill level 1 in Evocations
  1699 | D:2      | Reached XP level 4. HP: 41/41 MP: 5/5
  1710 | D:2      | Found a faded altar of an unknown god.
  1749 | D:2      | Found a runed translucent door.
  1750 | D:2      | Noticed Crazy Yiuf
  1803 | D:2      | Found Xutek's Magic Scroll Boutique.
  1808 | D:2      | Bought 2 scrolls of identify for 52 gold pieces
  2691 | D:3      | Found an opulent altar of Gozag.
  2857 | D:3      | Reached skill level 1 in Conjurations
  2857 | D:3      | Reached skill level 1 in Hexes
  2857 | D:3      | Reached skill level 1 in Summonings
  2857 | D:3      | Reached skill level 1 in Necromancy
  2857 | D:3      | Reached skill level 1 in Translocations
  2857 | D:3      | Reached skill level 1 in Transmutations
  2857 | D:3      | Reached skill level 1 in Fire Magic
  2857 | D:3      | Reached skill level 1 in Ice Magic
  2857 | D:3      | Reached skill level 1 in Air Magic
  2857 | D:3      | Reached skill level 1 in Earth Magic
  2857 | D:3      | Reached skill level 1 in Poison Magic
  3203 | D:3      | Noticed Robin
  3227 | D:3      | Reached XP level 5. HP: 33/47 MP: 6/6
  3247 | D:3      | Killed Robin
  3776 | D:4      | Reached XP level 6. HP: 37/53 MP: 8/8
  3998 | D:4      | Noticed Natasha
  4004 | D:4      | Killed Natasha
  4169 | D:4      | Noticed Natasha
  4427 | D:4      | Killed Natasha
  4428 | D:4      | Reached skill level 5 in Axes
  4428 | D:4      | Reached skill level 5 in Dodging
  4546 | D:4      | Noticed Natasha
  4559 | D:4      | Killed Natasha
  4606 | D:3      | Became a worshipper of Gozag Ym Sagoz the Greedy
  5073 | D:5      | Reached XP level 7. HP: 46/59 MP: 10/10
  5483 | D:5      | Mangled by an ogre

Illustrated notes

Levels and vault maps discovered:
D:1:      dpeg_arrival_simpleton_c, layout_basic
D:2:      layout_basic, shapermc_ecumenical_altar_gd, serial_shops,
          nicolae_shop_hallway_stairs, shop, hangedman_decor_slide_cut,
          uniq_crazy_yiuf_cottage
D:3:      layout_basic, marbit_many_paths, uniq_robin
D:4:      layout_basic, minmay_temple_entry_drinking_statues,
          hangedman_abyss_or_decor_stabs, chequers_serial_rivers_room_a,
          uniq_natasha
D:5:      layout_basic, cheibrodos_sewer_entry_sluice, kennysheep_path_1,
          uniq_menkaure, uniq_pikel
Temple:   compressed_dpeg_circular_temple

Skill      XL: |  1  2  3  4  5  6  7 |
---------------+----------------------+-----
Stealth        | |  9.9
Invocations    | 1 2 |  2.6
Short Blades   | 1 2 |  2.3
Long Blades    | 1 2 |  2.3
Maces & Flails | 1 2 |  2.3
Polearms       | 1 2 |  2.3
Staves         | 1 2 |  2.3
Slings         | 1 2 |  2.3
Bows           | 1 2 |  2.3
Crossbows      | 1 2 |  2.3
Throwing       | 1 2 |  2.3
Armour         | 1 2 |  2.3
Shields        | 1 2 |  2.3
Unarmed Combat | 1 2 |  2.3
Spellcasting   | 1 2 |  2.3
Evocations     | 1 2 |  2.3
Conjurations   | 1 |  1.9
Hexes          | 1 |  1.9
Summonings     | 1 |  1.9
Necromancy     | 1 |  1.9
Translocations | 1 |  1.9
Transmutations | 1 |  1.9
Fire Magic     | 1 |  1.9
Ice Magic      | 1 |  1.9
Air Magic      | 1 |  1.9
Earth Magic    | 1 |  1.9
Poison Magic   | 1 |  1.9
Axes           | 5 |  5.2
Dodging        | 5 |  5.2
Fighting       | 7 |  7.0

Action                   |  1- 3 |  4- 6 |  7- 9 || total
-------------------------+-------+-------+-------++-------
Melee: Hand axe          |   105 |   167 |    47 ||   319
       Bite              |    14 |    15 |     9 ||    38
       Punch             |     1 |     2 |     1 ||     4
       Dagger            |    42 |       |       ||    42
       War axe           |       |    20 |       ||    20
  Use: Scroll            |     6 |     7 |     4 ||    17
       Potion            |       |       |     1 ||     1
 Stab: Sleeping          |    12 |    11 |       ||    23
       Distracted        |       |       |     1 ||     1
Armor: Leather armour    |    42 |    69 |     3 ||   114
Dodge: Dodged            |    89 |   123 |    19 ||   231

Table legend: (Time is in decaauts)
 A = Elapsed time spent in this place.
 B = Non-inter-level travel time spent in this place.
 C = Inter-level travel time spent in this place.
 D = Time resting spent in this place.
 E = Time spent auto-exploring this place.
 F = Levels seen in this place.
 G = Mean time per level.
                   A        B        C        D        E       F      G
               +--------+--------+--------+--------+--------+-----+--------+
         Total |   5525 |   5219 |    306 |    730 |   3058 |   6 |  920.8 |
       Dungeon |   5394 |   5108 |    286 |    730 |   2983 |   5 | 1078.8 |
        Temple |    130 |    110 |     20 |      0 |     75 |   1 |  130.0 |
               +--------+--------+--------+--------+--------+-----+--------+

Top non-repeatable levels by time:
     D:3: 1312 daAuts
     D:2: 1256 daAuts
     D:4: 1123 daAuts
     D:1: 958 daAuts
     D:5: 743 daAuts
  Temple: 130 daAuts
